 Dungeon Crawl Stone Soup version 0.28-a0-628-g3c9886e45e (webtiles) character file.

Game seed: 12421028327479481954

15477 Armakuni the Destroyer (level 12, -13/86 HPs)
             Began as a Human Conjurer on Oct 8, 2021.
             Was a Priest of Vehumet.
             Mangled by a gargoyle (19 damage)
             ... summoned by an orange crystal statue
             ... in a Gauntlet.
             The game lasted 00:57:46 (15668 turns).

Armakuni the Destroyer (Human Conjurer)            Turns: 15668, Time: 00:57:46

Health: -13/86     AC: 10    Str: 11      XL:     12   Next: 58%
Magic:  21/26      EV: 15    Int: 17 (19) God:    Vehumet [***...]
Gold:   905        SH:  0    Dex: 22      Spells: 14/31 levels left

rFire   + . .      SeeInvis .   a - staff of conjuration
rCold   + . .      Faith    .   (no shield)
rNeg    . . .      Spirit   .   L - +0 troll leather armour
rPois   +          Reflect  .   x - +2 helmet "Zuleolui" {+Inv rElec Dex+3}
rElec   +          Harm     .   e - +0 cloak
rCorr   +          Rampage  .   (no gloves)
Will    .....      NoTele   +   d - +0 pair of boots
Stlth   ++........              M - amulet of magic regeneration
HPRegen 1.24/turn               W - ring of wizardry
MPRegen 0.45/turn               D - +6 ring of dexterity

@: resistant
A: no striking features
a: Renounce Religion, Evoke Invisibility


You were in a Gauntlet.
You worshipped Vehumet.
Vehumet was most pleased with you.
You visited 2 branches of the dungeon, and saw 14 of its levels.
You also visited: Gauntlet.

You collected 1628 gold pieces.
You spent 723 gold pieces at shops.

Inventory:

Armour
 d - a +0 pair of boots (worn)
 e - a +0 cloak (worn)
 l - a +2 tower shield of reflection
 x - the +2 helmet "Zuleolui" (worn) {+Inv rElec Dex+3}
   (You bought it in a shop on level 11 of the Dungeon)

   Dex:       It affects your dexterity (+3).
   rElec:     It insulates you from electricity.
   +Inv:      It lets you turn invisible.
 y - the +0 pair of boots of Foatecisuo {-Tele rPois rCorr Stlth+}
   (You found it in a Gauntlet)

   rPois:     It protects you from poison.
   -Tele:     It prevents most forms of teleportation.
   rCorr:     It protects you from acid and corrosion.
   Stlth:     It makes you more stealthy.
 L - a +0 troll leather armour (worn)
Magical Staves
 a - a staff of conjuration (weapon)
Jewellery
 D - a +6 ring of dexterity (right hand)
 K - a ring of resist corrosion
 M - an amulet of magic regeneration (around neck)
 R - an amulet of regeneration
 W - a ring of wizardry (left hand)
Wands
 h - a wand of acid (8)
 j - a wand of polymorph (11)
 k - a wand of digging (4)
 J - a wand of flame (28)
Scrolls
 g - 2 scrolls of teleportation
 t - 3 scrolls of magic mapping
 v - 2 scrolls of enchant armour
 w - 2 scrolls of identify
 A - 2 scrolls of amnesia
 C - a scroll of immolation
 F - a scroll of vulnerability
Potions
 c - 5 potions of haste
 i - a potion of might
 n - 2 potions of magic
 o - a potion of curing
 r - 3 potions of brilliance
 s - 2 potions of cancellation
 E - 2 potions of lignification {unknown}
Miscellaneous
 f - a phial of floods (inert)
 m - a phantom mirror (inert)


   Skills:
 - Level 5.0 Fighting
 + Level 7.4 Staves
 - Level 5.0 Armour
 - Level 5.0 Dodging
 - Level 2.0 Stealth
 - Level 10.0 Spellcasting
 - Level 10.0 Conjurations
 - Level 3.0 Earth Magic
 + Level 7.4 Evocations


You had 14 spell levels left.
You knew the following spells:

 Your Spells              Type           Power      Damage    Failure   Level
a - Stone Arrow           Conj/Erth      90%        3d12      1%          3
m - Iskenderun's Mystic   Conj/Tloc      38%        2d9       1%          4
p - Fulminant Prism       Conj/Hex       19%        3d11      1%          4
s - Scorch                Fire           16%        2d6       1%          2
w - Passwall              Tmut/Erth      10%        N/A       3%          2
z - Searing Ray           Conj           100%       2d8       1%          2

Your spell library contained the following spells:

 Spells                   Type           Power      Damage    Failure   Level
 Frozen Ramparts          Ice            16%        1d3       4%          3
 Magic Dart               Conj           100%       1d8       1%          1
 Sandblast                Erth           36%        2d10      1%          1
 Shock                    Conj/Air       100%       1d9       1%          1
 Dazzling Flash           Conj/Hex       76%        N/A       1%          3
 Beastly Appendage        Tmut           16%        N/A       4%          1
 Summon Small Mammal      Summ           32%        N/A       4%          1
 Corpse Rot               Necr/Air       N/A        N/A       6%          2
 Ensorcelled Hibernation  Hex/Ice        16%        N/A       6%          2
 Wereblood                Tmut           8%         N/A       6%          2
 Airstrike                Air            4%         N/A       12%         4
 Call Canine Familiar     Summ           8%         N/A       13%         3
 Spider Form              Tmut/Pois      4%         N/A       13%         3
 Summon Guardian Golem    Hex/Summ       8%         N/A       13%         3
 Swiftness                Air            8%         N/A       13%         3
 Tukima's Dance           Hex            8%         N/A       13%         3
 Conjure Ball Lightning   Conj/Air       19%        3x3d6     22%         6
 Summon Ice Beast         Ice/Summ       8%         N/A       38%         4
 Summon Lightning Spire   Summ/Air       8%         N/A       38%         4
 Agony                    Necr           8%         N/A       71%         5
 Silence                  Hex/Air        4%         N/A       71%         5
 Summon Mana Viper        Hex/Summ       8%         N/A       71%         5
 Monstrous Menagerie      Summ           4%         N/A       100%        7
 Borgnjor's Revivificati  Necr           4%         N/A       100%        8


Dungeon Overview and Level Annotations

Branches:
Dungeon (13/15)            Temple (1/1) D:7            Lair (0/6) D:8
    Orc (0/2) D:9         Gauntlet (1/1)
 Vaults: D:13-14

Altars:
Cheibriados
Dithmenos
Elyvilon
Fedhas
Gozag
Hepliaklqana
Kikubaaqudgha
Nemelex Xobeh
Okawaru
Qazlal
Ru
Sif Muna
Trog
Uskayaw
Vehumet
Wu Jian
Xom
Yredelemnul
Zin
The Shining One
Beogh

Shops:
D:11 [

Portals:
Abyss: D:12
Trove: D:10 (give 16 scrolls of teleportation)
Ice
Cave: D:13

Annotations:
D:3 3 runed translucent doors, p0werm0de's ghost, amateur VSCK; sn0wgr3's ghost, amateur GrFi
D:6 2 runed translucent doors
D:12 2 transporters, vogonpoet's ghost, journeyman OpTm Gauntlet 8 transporters, exclusion: orange crystal statue


Message History

The large abomination hits you.
* * * LOW HITPOINT WARNING * * *
The gargoyle misses you.
Aiming: Paralyse
Press: ? - help, Shift-Dir - straight line, f/p - large abomination
Aim: a large abomination (heavily damaged, summoned, ally target, chance to affect: 8%)
The large abomination resists with almost no effort.
The now-empty wand crumbles to dust.
The gargoyle hits you with a +1 flail of protection!
* * * LOW HITPOINT WARNING * * *
Your large abomination hits the large abomination!!
The large abomination hits your large abomination!!
You feel better. The gargoyle barely misses you.
The large abomination hits your large abomination.
Your large abomination hits the large abomination.
You feel better. The gargoyle completely misses you.
The large abomination hits your large abomination!!!
Your large abomination is destroyed!
Your large abomination shimmers and vanishes!
Aiming: Stone Arrow (safe; 1% risk of failure)
Press: ? - help, Q - select action, (/) - cycle Shift-Dir - straight line, f/p - large abomination
Aim: a large abomination (almost destroyed, summoned, unaware, hasn't noticed you, 89% to hit)
You feel a surge of power!
The stone arrow misses the large abomination.
The gargoyle barely misses you.
Aiming: Stone Arrow (safe; 1% risk of failure)
Press: ? - help, Q - select action, (/) - cycle Shift-Dir - straight line, f/p - large abomination
Aim: a large abomination (almost destroyed, summoned, 89% to hit)
You feel a surge of power!
The stone arrow hits the large abomination!
You destroy the large abomination!
The large abomination dissolves into shadows!
The raiju bursts into living lightning!
The living lightning hits the gargoyle.
The gargoyle resists.
The living lightning misses you.
The raiju blinks! x3
The gargoyle hits you with a +1 flail of protection!!
* * * LOW HITPOINT WARNING * * *
You feel protected.
The gargoyle hits you with a +1 flail of protection!!
You die...

##.#.YY#...≈##
.##.##w#...##
...#.###.♣.≈##
..##..##...≈≈#
.##....#...≈##
########.P.##
.........♣.≈##
########.P.≈≈#####
......#...≈##..@#
.####.!#.P.###.♣9#
.#...#}#.♣..##..h#
.#.©.#©#..P..#.♣.#
.#...#.#...♣.#...#
..####h#.....#≈©.#
..hhhbb#.....#≈..# #
########.....#§©.##.#
..........∩..#......#


You could see a raiju (summoned) and a gargoyle (summoned).

Vanquished Creatures
  A hydra (D:12)
  A boulder beetle (D:12)
  A centaur warrior (D:13)
  2 two-headed ogres
  An ugly thing (D:12)
  A necromancer (Gauntlet)
  An ice statue (D:9)
  A centaur zombie (D:10)
  An unseen horror (D:11)
  A komodo dragon (D:11)
  3 trolls
  5 slime creatures (D:12)
  A centaur simulacrum (Gauntlet)
  5 shadows
  A wraith (D:9)
  A wyvern (D:8)
  18 yaks
  Grum (D:8)
  A steam dragon (D:9)
  4 vampire mosquitoes
  A water moccasin (D:8)
  2 acid dragons
  Duvessa (D:5)
  2 orc warriors (D:5)
  A hornet zombie (D:8)
  An ice beast (D:7)
  3 black bears
  An ogre (D:4)
  8 wolves
  2 centaurs
  3 phantoms
  2 bullfrogs
  A kobold brigand (D:9)
  A gnoll sergeant (D:12)
  Dowan (D:5)
  3 scorpions
  3 troll zombies (D:9)
  8 killer bees
  2 bullfrog zombies
  2 hounds
  A jelly (D:5)
  3 orc priests
  2 gnoll shamans (D:7)
  A bullfrog skeleton (D:6)
  A centaur skeleton (D:6)
  An iguana (D:3)
  9 orc wizards
  A killer bee zombie (D:9)
  3 ogre zombies (D:9)
  2 hound skeletons (D:4)
  Robin (D:4)
  14 gnolls
  4 adders
  3 white imps (D:7)
  An ufetubus (D:7)
  An adder skeleton (D:3)
  A worm (D:1)
  3 dart slugs
  41 orcs
  5 bats (D:1)
  5 endoplasms
  3 giant cockroaches
  12 hobgoblins
  6 jackals (D:1)
  7 kobolds
  9 quokkas
  8 ball pythons
  4 frilled lizards
  16 goblins
  3 goblin zombies (D:9)
  A hobgoblin skeleton (D:9)
  3 hobgoblin zombies (D:9)
  2 orc skeletons (D:9)
  10 orc zombies (D:9)
  22 rats
  A fulminant prism (D:11)
309 creatures vanquished.

Vanquished Creatures (others)
  A wizard (D:8)
  31 fulminant prisms
  A fungus (D:2)
  17 plants
  4 withered plants
54 creatures vanquished.

Grand Total: 363 creatures vanquished

Notes
Turn   | Place    | Note
-------+----------+-------------------------------------------
     0 | D:1      | Armakuni the Human Conjurer began the quest for the Orb.
     0 | D:1      | Reached XP level 1. HP: 13/13 MP: 3/3
   326 | D:1      | Reached XP level 2. HP: 19/19 MP: 0/5
   329 | D:1      | Learned a level 2 spell: Searing Ray
   554 | D:1      | Reached XP level 3. HP: 13/24 MP: 1/6
  1484 | D:1      | Learned a level 3 spell: Stone Arrow
  1995 | D:2      | Reached XP level 4. HP: 30/30 MP: 5/8
  2342 | D:2      | Reached skill level 5 in Conjurations
  2776 | D:2      | Found a faded altar of an unknown god.
  2803 | D:3      | Noticed a scorpion
  2803 | D:3      | Noticed a scorpion
  2975 | D:3      | Killed a scorpion
  2976 | D:3      | Reached XP level 5. HP: 23/35 MP: 4/10
  3188 | D:3      | Reached XP level 6. HP: 41/41 MP: 6/12
  3812 | D:3      | Found a runed translucent gate.
  3812 | D:3      | Found a runed translucent gate.
  3812 | D:3      | Found a runed translucent gate.
  3814 | D:3      | Noticed sn0wgr3's ghost (amateur GrFi)
  3814 | D:3      | Noticed p0werm0de's ghost (amateur VSCK)
  3949 | D:3      | Found a sacrificial altar of Ru.
  4106 | D:4      | Noticed an ogre
  4139 | D:4      | Killed an ogre
  4249 | D:4      | Noticed a black bear
  4254 | D:4      | Killed a black bear
  4255 | D:4      | Reached XP level 7. HP: 46/46 MP: 7/14
  4468 | D:4      | Reached skill level 5 in Spellcasting
  4674 | D:4      | Noticed Robin
  4687 | D:4      | Killed Robin
  5261 | D:4      | Reached XP level 8. HP: 38/52 MP: 2/16
  5632 | D:4      | Found a shimmering blue altar of Sif Muna.
  5682 | D:5      | Entered Level 5 of the Dungeon
  5849 | D:5      | Found a runed translucent door.
  6543 | D:5      | Noticed Duvessa
  6543 | D:5      | Noticed Dowan
  6603 | D:5      | Killed Duvessa
  6604 | D:5      | Reached XP level 9. HP: 28/57 MP: 9/19
  6604 | D:5      | Killed Dowan
  6933 | D:6      | Learned a level 4 spell: Iskenderun's Mystic Blast
  7127 | D:6      | Found a large runed translucent door.
  7158 | D:6      | Found a large runed translucent door.
  7508 | D:6      | Reached skill level 1 in Earth Magic
  7868 | D:7      | Identified a scroll of acquirement
  7868 | D:7      | Acquired 620 gold pieces
  8108 | D:7      | Found a shadowy altar of Dithmenos.
  8307 | D:7      | Found a staircase to the Ecumenical Temple.
  8383 | Temple   | Entered the Ecumenical Temple
  8546 | Temple   | Became a worshipper of Vehumet
  8734 | D:7      | Found a basalt altar of Yredelemnul.
  8800 | D:8      | Found a bloodstained altar of Trog.
  9043 | D:8      | Reached XP level 10. HP: 61/63 MP: 4/22
  9277 | D:8      | Found a staircase to the Lair.
  9300 | D:8      | Noticed Grum
  9315 | D:8      | Reached skill level 10 in Conjurations
  9615 | D:8      | Killed Grum
  9827 | D:8      | Noticed a wizard
  9830 | D:8      | Killed a wizard
 10024 | D:9      | Found a white marble altar of Elyvilon.
 10193 | D:9      | Found a staircase to the Orcish Mines.
 10242 | D:9      | Reached * piety under Vehumet
 10242 | D:9      | Offered knowledge of Foxfire by Vehumet.
 10484 | D:9      | Reached skill level 10 in Spellcasting
 10507 | D:9      | Reached skill level 1 in Fighting
 10507 | D:9      | Reached skill level 1 in Armour
 10619 | D:9      | Noticed an ice statue
 10852 | D:9      | Noticed a two-headed ogre
 10858 | D:9      | Killed a two-headed ogre
 12214 | D:9      | Learned a level 4 spell: Fulminant Prism
 12245 | D:9      | Killed an ice statue
 12246 | D:9      | Reached XP level 11. HP: 78/78 MP: 10/25
 12303 | D:10     | Entered Level 10 of the Dungeon
 12363 | D:10     | Found a portal to a secret trove of treasure.
 12609 | D:9      | Reached skill level 5 in Fighting
 12609 | D:9      | Reached skill level 5 in Armour
 12918 | D:11     | Reached skill level 1 in Evocations
 13151 | D:11     | Offered knowledge of Scorch by Vehumet.
 13156 | D:11     | Learned a level 2 spell: Scorch
 13432 | D:11     | Got Naowein's Grimoire of Lethal Flight
 13663 | D:11     | Reached ** piety under Vehumet
 13671 | D:11     | Reached skill level 5 in Dodging
 13749 | D:11     | Found Enelu's Armour Shoppe.
 13752 | D:11     | Bought the +2 helmet "Zuleolui" {+Inv rElec Dex+3} for 501
                  | gold pieces
 13773 | D:11     | Bought a +2 tower shield of reflection for 222 gold pieces
 14342 | D:12     | Reached skill level 5 in Evocations
 14357 | D:12     | Noticed a two-headed ogre
 14369 | D:12     | Killed a two-headed ogre
 14419 | D:12     | Found a transporter.
 14429 | D:12     | Noticed a sun demon
 14436 | D:12     | Noticed a sun demon
 14438 | D:12     | Noticed a wretched star
 14439 | D:12     | Noticed a rakshasa
 14440 | D:12     | Noticed a deep elf knight
 14440 | D:12     | Noticed a purple very ugly thing
 14474 | D:12     | Noticed a white ugly thing
 14489 | D:12     | Killed a white ugly thing
 14490 | D:12     | Reached skill level 5 in Staves
 14490 | D:12     | Reached XP level 12. HP: 74/86 MP: 3/26
 14560 | D:12     | Learned a level 2 spell: Passwall
 14621 | D:12     | Offered knowledge of Frozen Ramparts by Vehumet.
 14753 | D:12     | Found a one-way gate to the infinite horrors of the Abyss.
 14753 | D:12     | Noticed vogonpoet's ghost (journeyman OpTm)
 14810 | D:12     | Noticed a green very ugly thing
 14827 | D:12     | Found a transporter.
 14879 | D:12     | Noticed a four-headed hydra
 14883 | D:12     | Killed a four-headed hydra
 15097 | D:12     | Noticed a boulder beetle
 15107 | D:12     | Killed a boulder beetle
 15291 | D:13     | Noticed a centaur warrior
 15295 | D:13     | Killed a centaur warrior
 15296 | D:13     | Found a frozen archway.
 15338 | D:13     | Found a gate leading to a gauntlet.
 15354 | Gauntlet | Entered a Gauntlet
 15354 | Gauntlet | Found a transporter.
 15363 | Gauntlet | Found a transporter.
 15371 | Gauntlet | Noticed a death scarab
 15376 | Gauntlet | Found a transporter.
 15378 | Gauntlet | Found a transporter.
 15379 | Gauntlet | Noticed a death yak
 15379 | Gauntlet | Noticed a death yak
 15381 | Gauntlet | Noticed a death yak
 15385 | Gauntlet | Found a transporter.
 15401 | Gauntlet | Found a transporter.
 15402 | Gauntlet | Noticed a hell hog
 15412 | Gauntlet | Found a transporter.
 15423 | Gauntlet | Found a transporter.
 15437 | Gauntlet | Found a transporter.
 15451 | Gauntlet | Found a transporter.
 15454 | Gauntlet | Found a transporter.
 15461 | Gauntlet | Found a transporter.
 15462 | Gauntlet | Found a transporter.
 15464 | Gauntlet | Found a transporter.
 15612 | Gauntlet | Reached *** piety under Vehumet
 15635 | Gauntlet | Identified the +0 pair of boots of Foatecisuo {-Tele rPois
                  | rCorr Stlth+}
 15663 | Gauntlet | HP: 1/86 [gargoyle[an orange crystal statue] (15)]
 15668 | Gauntlet | Mangled by a gargoyle

Illustrated notes

Levels and vault maps discovered:
D:1:      dpeg_arrival_brainrot, layout_basic
D:2:      layout_rooms, shapermc_ecumenical_altar_mp_urbaneastern,
          amcnicky_mini_pool_small, minmay_close_crescents
D:3:      layout_rooms, nicolae_ru_path_of_blood, serial_rivers,
          chequers_serial_rivers_marsh, chequers_serial_rivers_room_b,
          chequers_serial_rivers_micro_c, chequers_serial_rivers_large_a,
          chequers_serial_rivers_small_b, gammafunk_ghost_cemetery,
          kennysheep_another_room, minmay_bisected
D:4:      layout_loops_ring, led_sif_pool, minmay_rat_hole, uniq_robin
D:5:      layout_rooms, lightli_church_of_beogh, uniq_duvessa
D:6:      layout_gridville, jmf_multi_god_temple2
D:7:      layout_loops_cross, general_overflow_altar, kennysheep_little_box,
          minmay_temple_entry_gardened_gates
D:8:      layout_basic, trog_wizard, lair_entry_dummy, serial_park_tiny_pond,
          uniq_grum
D:9:      layout_basic, mainiacjoe_overflow_cross_hatched, zombieorc1_lemuel,
          minmay_statue_bubble
D:10:     layout_rooms, nicolae_trove_entry_free_sample
D:11:     layout_grid_maze, serial_shops, kennysheep_mini_moat
D:12:     layout_irregular_city, gammafunk_ghost_abyssal_escape
D:13:     layout_stronghold, gauntlet_entry_generic,
          portal_ice_cave_entry_pillars_2, uniq_maurice, uniq_jorgrun
Temple:   eino_narrow_crystal_temple
Gauntlet: minmay_gauntlet_77_tree [minmay_gauntlet_arena_77_p_blocks,
          minmay_gauntlet_arena_77_two_paths,
          minmay_gauntlet_arena_77_double_cross,
          minmay_gauntlet_arena_77_terracotta_army,
          minmay_gauntlet_arena_77_mirror, minmay_gauntlet_arena_77_box,
          minmay_gauntlet_arena_77_fan, gauntlet_exit_spiral]

Skill      XL: |  1  2  3  4  5  6  7  8  9 10 11 12 |
---------------+-------------------------------------+-----
Spellcasting   | 3 4 5 7 8 10 | 10.0
Conjurations   | 5 6 7 8 9 10 | 10.0
Earth Magic    | 3 |  3.0
Fighting       | 4 5 |  5.0
Armour         | 4 5 |  5.0
Evocations     | 5 7 |  7.4
Dodging        | 5 |  5.0
Staves         | 5 7 |  7.4
Stealth        | |  2.0

Action                   |  1- 3 |  4- 6 |  7- 9 | 10-12 || total
-------------------------+-------+-------+-------+-------++-------
Melee: Unarmed           |     3 |       |       |       ||     3
       Spear             |    15 |     9 |     2 |    22 ||    48
       Dagger            |       |       |    59 |       ||    59
       Staff             |       |       |       |     5 ||     5
 Fire: Hunting sling     |       |    21 |     1 |       ||    22
Throw: Dart              |       |    12 |       |       ||    12
 Cast: Magic Dart        |    10 |       |       |       ||    10
       Searing Ray       |    24 |    30 |    47 |    42 ||   143
       Stone Arrow       |       |     2 |    78 |   112 ||   192
       Fulminant Prism   |       |       |       |    32 ||    32
       Iskenderun's Myst |       |       |       |     8 ||     8
       Scorch            |       |       |       |     1 ||     1
Evoke: Wand              |       |       |       |    17 ||    17
       Phial of floods   |       |       |       |     2 ||     2
       Phantom mirror    |       |       |       |     1 ||     1
  Use: Scroll            |       |     9 |     4 |    12 ||    25
       Potion            |       |     2 |     2 |     9 ||    13
 Stab: Sleeping          |       |     1 |       |     1 ||     2
       Paralysed         |       |       |       |     3 ||     3
Armor: Robe              |     7 |     4 |    29 |       ||    40
       Acid dragon scale |       |       |     7 |    36 ||    43
       Troll leather arm |       |       |       |    27 ||    27
Dodge: Dodged            |    22 |    17 |    83 |   140 ||   262

Table legend: (Time is in decaauts)
 A = Elapsed time spent in this place.
 B = Non-inter-level travel time spent in this place.
 C = Inter-level travel time spent in this place.
 D = Time resting spent in this place.
 E = Time spent auto-exploring this place.
 F = Levels seen in this place.
 G = Mean time per level.
                   A        B        C        D        E       F      G
               +--------+--------+--------+--------+--------+-----+--------+
         Total |  15679 |  15268 |    411 |   3759 |   8614 |  15 | 1045.3 |
       Dungeon |  15188 |  14817 |    371 |   3730 |   8331 |  13 | 1168.3 |
        Temple |    178 |    138 |     40 |      0 |    130 |   1 |  178.0 |
      Gauntlet |    313 |    313 |      0 |     29 |    153 |   1 |  313.0 |
               +--------+--------+--------+--------+--------+-----+--------+

Top non-repeatable levels by time:
     D:9: 2415 daAuts
     D:1: 1793 daAuts
     D:4: 1563 daAuts
    D:11: 1386 daAuts
     D:2: 1375 daAuts
     D:5: 1186 daAuts
     D:8: 1144 daAuts
    D:12: 994 daAuts
     D:3: 964 daAuts
     D:6: 908 daAuts
     D:7: 812 daAuts
    D:10: 579 daAuts
Gauntlet: 313 daAuts
  Temple: 178 daAuts
    D:13: 62 daAuts
